 Dungeon Crawl Stone Soup version 0.28.0 (webtiles) character file.

Game seed: 10953012158775591793

1396 GrayStillPlays the Shield-Bearer (level 8, -1/67 HPs)
             Began as a Gnoll Fighter on Feb 7, 2022.
             Was an Initiate of Ashenzari.
             Killed from afar by Ijyb (25 damage)
             ... with a bolt of acid
             ... on level 3 of the Dungeon.
             The game lasted 00:10:54 (5209 turns).

GrayStillPlays the Shield-Bearer (Gnoll Fighter)    Turns: 5209, Time: 00:10:54

Health: -1/67      AC: 16    Str: 15    XL:     8   Next: 68%
Magic:  13/13      EV: 11    Int: 10    God:    Ashenzari [......]
Gold:   216        SH:  5    Dex: 12    Spells: 14/14 levels left

rFire   + . .      SeeInvis +   B - +2 hand axe (elec) {axe}
rCold   + . .      Faith    .   c - +0 buckler
rNeg    . . .      Spirit   .   v - +9 ring mail "Vateuh" {+Blink rPois SInv}
rPois   +          Reflect  .   (no helmet)
rElec   .          Harm     .   s - scarf {rC+ rF+}
rCorr   .          Rampage  .   i - +0 pair of gloves
Will    .....                   l - +2 pair of boots of Toth-Mos's Legacy {Alch, Elem} (curse)
Stlth   ++........              (no amulet)
HPRegen 0.21/turn               k - ring of poison resistance
MPRegen 0.13/turn               (no ring)

@: corroded
A: fangs 1, strong nose, distributed training
a: Renounce Religion, Evoke Blink, Shatter the Chains


You were on level 3 of the Dungeon.
You worshipped Ashenzari.
Ashenzari was noncommittal.
You visited 2 branches of the dungeon, and saw 6 of its levels.

You collected 216 gold pieces.


Innate Abilities, Weirdness & Mutations

You have very sharp teeth.
Your uncanny sense of smell can sniff out nearby items.
Your experience applies equally to all skills.


   Skills:
 + Level 7.5 Fighting
 + Level 3.5 Short Blades
 + Level 3.5 Long Blades
 + Level 5.8 Axes
 + Level 3.5 Maces & Flails
 + Level 3.5 Polearms
 + Level 3.5 Staves
 + Level 3.5 Slings
 + Level 3.5 Bows
 + Level 3.5 Crossbows
 + Level 3.5 Throwing
 + Level 7.5 Armour
 + Level 3.5 Dodging
 + Level 3.5 Stealth
 + Level 7.5 Shields
 + Level 3.5 Unarmed Combat
 + Level 3.5 Spellcasting
 + Level 2.8 Conjurations
 + Level 2.8 Hexes
 + Level 2.8 Summonings
 + Level 2.8 Necromancy
 + Level 2.8 Translocations
 + Level 2.8(3.2) Transmutations
 + Level 2.8(3.2) Fire Magic
 + Level 2.8(3.2) Ice Magic
 + Level 2.8(3.2) Air Magic
 + Level 2.8(3.2) Earth Magic
 + Level 2.8(3.2) Poison Magic
 + Level 3.8 Invocations
 + Level 3.5 Evocations


You had 14 spell levels left.
You didn't know any spells.
Your spell library contained the following spells:

 Spells                   Type           Power      Damage    Failure   Level
 Call Canine Familiar     Summ           7%         N/A       47%         3
 Gell's Gravitas          Tloc           7%         N/A       47%         3
 Lesser Beckoning         Tloc           7%         N/A       47%         3
 Portal Projectile        Hex/Tloc       14%        N/A       47%         3
 Teleport Other           Tloc           7%         N/A       47%         3
 Leda's Liquefaction      Hex/Erth       3%         N/A       86%         4

Inventory:

Hand Weapons
 a - a +0 war axe {axe}
 b - a +0 spear of venom {polearm}
   (You took it off a gnoll on level 4 of the Dungeon)
 y - a +2 flail of protection {mace}
   (You took it off Edmund on level 4 of the Dungeon)
 B - a +2 hand axe of electrocution (weapon) {axe}
   (You found it on level 4 of the Dungeon)
Missiles
 g - 173 stones (quivered) {throwing}
 j - 59 sling bullets
 q - 43 bolts
 x - 32 arrows
Armour
 c - a +0 buckler (worn)
 i - a +0 pair of gloves (worn)
   (You found it on level 1 of the Dungeon)
 l - the cursed +2 pair of boots of Toth-Mos's Legacy (worn) {Alch, Elem}
   (You found it on level 1 of the Dungeon)

   It has a curse which improves the following skills: Alchemy: Poison Magic and
   Transmutations.
   Elements:  Fire Magic, Ice Magic, Air Magic and Earth Magic.
 s - a scarf of resistance (worn)
   (You found it on level 2 of the Dungeon)
 v - the +9 ring mail "Vateuh" (worn) {+Blink rPois SInv}
   (You found it on level 2 of the Dungeon)

   rPois:     It protects you from poison.
   SInv:      It lets you see invisible.
   +Blink:    It lets you blink.
Jewellery
 k - a ring of poison resistance (left hand)
   (You found it on level 1 of the Dungeon)
 D - a ring of see invisible
   (You found it on level 5 of the Dungeon)
Scrolls
 e - 3 scrolls of noise {unknown}
 f - a scroll of teleportation {unknown}
 h - 2 scrolls of immolation {unknown}
 m - 3 scrolls of identify {unknown}
 n - a scroll of amnesia {unknown}
 w - a scroll of enchant weapon {unknown}
 z - a scroll of magic mapping {unknown}
 A - a scroll of fog {unknown}
 C - a scroll of fear {unknown}
Potions
 d - a potion of might
 o - 2 potions of haste {unknown}
 p - a potion of magic {unknown}
 r - a potion of lignification {unknown}
 u - 2 potions of attraction {unknown}

Dungeon Overview and Level Annotations

Branches:
Dungeon (5/15)             Temple (1/1) D:5

Altars:
Ashenzari
Cheibriados
Dithmenos
Elyvilon
Fedhas
Gozag
Hepliaklqana
Kikubaaqudgha
Makhleb
Nemelex Xobeh
Okawaru
Qazlal
Ru
Sif Muna
Trog
Uskayaw
Vehumet
Wu Jian
Xom
Yredelemnul
Zin
The Shining One

Annotations:
D:3 Ijyb

######### โˆ†
#.......# ..b.
#.......#######....
+.[...............
#...............#
#..###.##........#
#.. #..#........#
#..####.#g.......#
.........@..>....#
g....###..........#
.....
#..........#####
+.....
#..............##
#...#..#.###......#
#######..#.# #......#
#........#.###......#
#........#.#...<#..##
#........รท.........#


You could see Ijyb.


Message History

The bullfrog skeleton hits you but does no damage.
The bullfrog skeleton hits you. ๐Ÿ˜• HP[-2]
You take 2 damage, and now have 65/67 hp.
You hit the bullfrog skeleton.
You bite the bullfrog skeleton, but do no damage.
The bullfrog skeleton closely misses you.
You hit the bullfrog skeleton.
Lightning courses through the bullfrog skeleton!
You destroy the bullfrog skeleton! ๐Ÿ˜• HP[+1]
You pick up a book of the Hunter and begin reading...
You add the spells Call Canine Familiar, Portal Projectile and Leda's Liquefaction to your library. ๐Ÿ˜Ž HP[+1]
Your hp is fully restored (67).
You see here a +0 giant club {mace}.
Found an opulent altar of Gozag.
A sky beast comes into view.
You see here a ring of see invisible.
The helpless sky beast fails to defend itself.
You slash the sky beast! You bite the sky beast.
The sky beast flickers out of sight for a moment.
You block the sky beast's attack.
You miss the sky beast. The sky beast completely misses you.
You hit the sky beast. Your bite misses the sky beast.
The sky beast closely misses you. The sky beast misses you.
You barely miss the sky beast. You bite the sky beast.
You block the sky beast's attack.
You hit the sky beast. The sky beast closely misses you.
You hit the sky beast.
You kill the sky beast!
You see here a sky beast corpse.
D - a ring of see invisible
There are no items here.
You drop a +0 dagger of venom {short}.
You drop a +1 short sword of draining {short}.
Things that are here:
a +1 short sword of draining {short}; a +0 dagger of venom {short} You see here a sky beast corpse.
You see here a +0 club {mace}.
An adder comes into view.
You block the adder's attack.
You hit the adder. The adder barely misses you.
You hit the adder. The adder closely misses you. You block the adder's attack.
You completely miss the adder. Your bite misses the adder.
The adder bites you but does no damage.
You hit the adder. You bite the adder. The adder closely misses you.
You slash the adder!
You kill the adder!
No target in view!
No target in view!
No target in view!
Ashenzari invites you to partake of a vision and a curse of alchemy and elements.
p - a dark potion You see here a +1 cloak.
Your +2 pair of boots glows black for a moment.
Done exploring.
Done exploring.
Done exploring.
Things that are here:
a +0 chain mail; a +0 dagger of draining {short}
There is a stone staircase leading up here.
You can't go down here!
You climb upwards.
There is a stone staircase leading down here.
There is a stone staircase leading up here.
You climb upwards.
Level annotation: Ijyb
There is a stone staircase leading down here.
You see here a rat skeleton.
You see here a jackal skeleton.
g - 173 stones {throwing} (gained 30)
You see here a jackal skeleton.
Ijyb shouts!
Ijyb screams, "You nasty!
Big nasty!"
Ijyb zaps a wand.
The bolt of acid hits you!! The acid corrodes you! ๐Ÿ˜ฎ HP[-21]
You take 21 damage, and now have 46/67 hp.
MASSIVE DAMAGE!! (PAUSE) Ijyb zaps a wand.
The bolt of acid misses you. ๐Ÿ˜ฎ HP[+1] Ijyb screams, "Get away!"
Ijyb barely misses you.
You hit Ijyb but do no damage. Ijyb hits you but does no damage.
You hit Ijyb but do no damage. Lightning courses through Ijyb!!
Your bite misses Ijyb.
Ijyb zaps a wand.
The bolt of acid hits you!!
* * * LOW HITPOINT WARNING * * *
๐Ÿ˜จ HP[-24]
You take 24 damage, and now have 23/67 hp.
MASSIVE DAMAGE!! (PAUSE)
You closely miss Ijyb. Your bite misses Ijyb.
Ijyb hits you but does no damage. ๐Ÿ˜จ HP[+1]
You completely miss Ijyb.
Ijyb zaps a wand.
The bolt of acid hits you!!
You die...

Skill      XL: |  1  2  3  4  5  6  7  8 |
---------------+-------------------------+-----
Invocations    | 1 2 3 |  3.8
Short Blades   | 1 2 3 |  3.5
Long Blades    | 1 2 3 |  3.5
Maces & Flails | 1 2 3 |  3.5
Polearms       | 1 2 3 |  3.5
Staves         | 1 2 3 |  3.5
Slings         | 1 2 3 |  3.5
Bows           | 1 2 3 |  3.5
Crossbows      | 1 2 3 |  3.5
Throwing       | 1 2 3 |  3.5
Dodging        | 1 2 3 |  3.5
Stealth        | 1 2 3 |  3.5
Unarmed Combat | 1 2 3 |  3.5
Spellcasting   | 1 2 3 |  3.5
Evocations     | 1 2 3 |  3.5
Conjurations   | 1 2 |  2.8
Hexes          | 1 2 |  2.8
Summonings     | 1 2 |  2.8
Necromancy     | 1 2 |  2.8
Translocations | 1 2 |  2.8
Transmutations | 1 2 |  2.8
Fire Magic     | 1 2 |  2.8
Ice Magic      | 1 2 |  2.8
Air Magic      | 1 2 |  2.8
Earth Magic    | 1 2 |  2.8
Poison Magic   | 1 2 |  2.8
Axes           | 5 |  5.8
Fighting       | 7 |  7.5
Armour         | 7 |  7.5
Shields        | 7 |  7.5

Action                   |  1- 3 |  4- 6 |  7- 9 || total
-------------------------+-------+-------+-------++-------
Melee: War axe           |    93 |   139 |       ||   232
       Bite              |     6 |    19 |    24 ||    49
       Dagger            |       |    11 |    74 ||    85
       Hand axe          |       |       |   123 ||   123
       Spear             |       |       |     2 ||     2
Throw: Stone             |       |       |     7 ||     7
Invok: Curse Item        |       |       |     1 ||     1
 Stab: Sleeping          |       |       |     5 ||     5
Armor: Scale mail        |    51 |    22 |       ||    73
       Ring mail         |       |    57 |    67 ||   124
Dodge: Dodged            |    42 |    75 |    74 ||   191
Block: Buckler           |    37 |    40 |    44 ||   121

Levels and vault maps discovered:
D:1:      amcnicky_arrival_feature_with_door, layout_basic,
          minmay_misc_feat_square, corexii_leaking_fountain,
          chequers_serial_rivers_micro_b, item_on_display_a
D:2:      layout_basic, shapermc_ecumenical_altar_gd, minmay_box_of_dots,
          uniq_natasha
D:3:      layout_basic, minmay_misc_feat_pillars, uniq_crazy_yiuf_cottage,
          uniq_ijyb
D:4:      minmay_inner_zag, layout_loops_ring, saegor_snake_ambush,
          uniq_eustachio, uniq_edmund
D:5:      layout_rooms, mainiacjoe_overflow_alcove_2,
          minmay_temple_entry_glassed_door, kennysheep_generic_room_3
Temple:   compressed_dpeg_circular_temple

Notes
Turn   | Place    | Note
-------+----------+-------------------------------------------
     0 | D:1      | GrayStillPlays the Gnoll Fighter began the quest for the
                  | Orb.
     0 | D:1      | Reached XP level 1. HP: 23/23 MP: 1/1
     0 | D:1      | magus.rc [v1.9.6]
   329 | D:1      | Reached XP level 2. HP: 24/29 MP: 2/2
   389 | D:1      | You pick up a book of Displacement and begin reading...
   389 | D:1      | You add the spells Lesser Beckoning, Gell's Gravitas and
                  | Teleport Other to your library.
   888 | D:1      | Reached XP level 3. HP: 33/35 MP: 3/3
  1234 | D:2      | Reached skill level 1 in Invocations
  1347 | D:2      | Reached skill level 1 in Short Blades
  1347 | D:2      | Reached skill level 1 in Long Blades
  1347 | D:2      | Reached skill level 1 in Maces & Flails
  1347 | D:2      | Reached skill level 1 in Polearms
  1347 | D:2      | Reached skill level 1 in Staves
  1347 | D:2      | Reached skill level 1 in Slings
  1347 | D:2      | Reached skill level 1 in Bows
  1347 | D:2      | Reached skill level 1 in Crossbows
  1347 | D:2      | Reached skill level 1 in Throwing
  1347 | D:2      | Reached skill level 1 in Dodging
  1347 | D:2      | Reached skill level 1 in Stealth
  1347 | D:2      | Reached skill level 1 in Unarmed Combat
  1347 | D:2      | Reached skill level 1 in Spellcasting
  1347 | D:2      | Reached skill level 1 in Evocations
  1452 | D:2      | Noticed Natasha
  1459 | D:2      | Killed Natasha
  1460 | D:2      | Reached XP level 4. HP: 30/41 MP: 5/5
  1586 | D:2      | Noticed Natasha
  1591 | D:2      | Killed Natasha
  1592 | D:2      | Reached skill level 1 in Conjurations
  1592 | D:2      | Reached skill level 1 in Hexes
  1592 | D:2      | Reached skill level 1 in Summonings
  1592 | D:2      | Reached skill level 1 in Necromancy
  1592 | D:2      | Reached skill level 1 in Translocations
  1592 | D:2      | Reached skill level 1 in Transmutations
  1592 | D:2      | Reached skill level 1 in Fire Magic
  1592 | D:2      | Reached skill level 1 in Ice Magic
  1592 | D:2      | Reached skill level 1 in Air Magic
  1592 | D:2      | Reached skill level 1 in Earth Magic
  1592 | D:2      | Reached skill level 1 in Poison Magic
  1637 | D:2      | Reached XP level 5. HP: 45/47 MP: 6/6
  1784 | D:2      | Noticed Natasha
  1800 | D:2      | Killed Natasha
  2003 | D:2      | Found a faded altar of an unknown god.
  2051 | D:2      | Identified the +9 ring mail "Vateuh" {+Blink rPois SInv}
  2352 | D:3      | Noticed Ijyb
  2352 | D:3      | HP: 6/47 [Ijyb/bolt of acid (41)]
  2754 | D:4      | Reached skill level 2 in Invocations
  2754 | D:4      | Reached XP level 6. HP: 53/53 MP: 8/8
  2820 | D:4      | Reached skill level 5 in Axes
  2827 | D:4      | Reached skill level 2 in Short Blades
  2827 | D:4      | Reached skill level 2 in Long Blades
  2827 | D:4      | Reached skill level 2 in Maces & Flails
  2827 | D:4      | Reached skill level 2 in Polearms
  2827 | D:4      | Reached skill level 2 in Staves
  2827 | D:4      | Reached skill level 2 in Slings
  2827 | D:4      | Reached skill level 2 in Bows
  2827 | D:4      | Reached skill level 2 in Crossbows
  2827 | D:4      | Reached skill level 2 in Throwing
  2827 | D:4      | Reached skill level 2 in Dodging
  2827 | D:4      | Reached skill level 2 in Stealth
  2827 | D:4      | Reached skill level 2 in Unarmed Combat
  2827 | D:4      | Reached skill level 2 in Spellcasting
  2827 | D:4      | Reached skill level 2 in Evocations
  3120 | D:4      | Reached XP level 7. HP: 35/59 MP: 10/10
  3326 | D:4      | Reached skill level 7 in Fighting
  3326 | D:4      | Reached skill level 7 in Armour
  3326 | D:4      | Reached skill level 7 in Shields
  3383 | D:4      | Noticed Edmund
  3424 | D:4      | Killed Edmund
  3425 | D:4      | Reached skill level 2 in Conjurations
  3425 | D:4      | Reached skill level 2 in Hexes
  3425 | D:4      | Reached skill level 2 in Summonings
  3425 | D:4      | Reached skill level 2 in Necromancy
  3425 | D:4      | Reached skill level 2 in Translocations
  3425 | D:4      | Reached skill level 2 in Transmutations
  3425 | D:4      | Reached skill level 2 in Fire Magic
  3425 | D:4      | Reached skill level 2 in Ice Magic
  3425 | D:4      | Reached skill level 2 in Air Magic
  3425 | D:4      | Reached skill level 2 in Earth Magic
  3425 | D:4      | Reached skill level 2 in Poison Magic
  3525 | D:4      | Noticed Eustachio
  3566 | D:4      | Killed Eustachio
  3567 | D:4      | Reached skill level 3 in Invocations
  4116 | D:4      | Reached XP level 8. HP: 67/67 MP: 12/12
  4215 | D:5      | Entered Level 5 of the Dungeon
  4359 | D:5      | Found a staircase to the Ecumenical Temple.
  4367 | Temple   | Entered the Ecumenical Temple
  4398 | Temple   | Became a worshipper of Ashenzari the Shackled
  4472 | D:5      | Reached skill level 3 in Short Blades
  4472 | D:5      | Reached skill level 3 in Long Blades
  4472 | D:5      | Reached skill level 3 in Maces & Flails
  4472 | D:5      | Reached skill level 3 in Polearms
  4472 | D:5      | Reached skill level 3 in Staves
  4472 | D:5      | Reached skill level 3 in Slings
  4472 | D:5      | Reached skill level 3 in Bows
  4472 | D:5      | Reached skill level 3 in Crossbows
  4472 | D:5      | Reached skill level 3 in Throwing
  4472 | D:5      | Reached skill level 3 in Dodging
  4472 | D:5      | Reached skill level 3 in Stealth
  4472 | D:5      | Reached skill level 3 in Unarmed Combat
  4472 | D:5      | Reached skill level 3 in Spellcasting
  4472 | D:5      | Reached skill level 3 in Evocations
  4953 | D:5      | You pick up a book of the Hunter and begin reading...
  4953 | D:5      | You add the spells Call Canine Familiar, Portal Projectile
                  | and Leda's Liquefaction to your library.
  4999 | D:5      | Found an opulent altar of Gozag.
  5209 | D:3      | Killed from afar by Ijyb

Vanquished Creatures
  Eustachio (D:4)
  Edmund (D:4)
  A sky beast (D:5)
  3 ogres
  A phantom (D:5)
  A bullfrog (D:4)
  A water moccasin zombie (D:5)
  A jelly (D:5)
  A gnoll shaman (D:4)
  An orc priest (D:5)
  Natasha (thrice) (D:2)
  2 bullfrog skeletons
  A centaur skeleton (D:4)
  2 iguanas
  4 orc wizards
  5 gnolls (D:4)
  5 adders
  A shadow imp (D:5)
  A white imp (D:5)
  2 worms (D:2)
  4 dart slugs
  9 orcs
  5 endoplasms
  6 giant cockroaches
  9 goblins
  8 hobgoblins
  6 jackals
  4 kobolds
  A quokka (D:4)
  9 ball pythons
  6 bats
  3 frilled lizards
  5 rats
113 creatures vanquished.

Vanquished Creatures (others)
  6 demonic plants (D:2)
  4 fungi
  6 plants
  2 withered plants (D:2)
18 creatures vanquished.

Grand Total: 131 creatures vanquished

Table legend:
 A = Non-vault XP
 B = Vault XP
 C = Vault XP percentage of total XP
 D = Non-vault monster count
 E = Vault monster count
 F = Vault count percentage of total count
                 A         B        C        D         E       F
            +---------+---------+-------+---------+---------+-------
      Total |    1377 |     618 |  31.0 |     100 |      13 |  11.5
            +---------+---------+-------+---------+---------+-------
        D:1 |      37 |       0 |   0.0 |      21 |       0 |   0.0
        D:2 |     141 |      54 |  27.7 |      29 |       4 |  12.1
        D:3 |      22 |       0 |   0.0 |       7 |       0 |   0.0
        D:4 |     461 |     521 |  53.1 |      22 |       8 |  26.7
        D:5 |     716 |      43 |   5.7 |      21 |       1 |   4.5
            +---------+---------+-------+---------+---------+-------

Illustrated notes

Table legend:
 A = Kills in this place as a percentage of kills in entire the game.
 B = Kills by you in this place as a percentage of kills by you in the entire game.
 C = Kills by friends in this place as a percentage of kills by friends in the entire game.
 D = Other kills in this place as a percentage of other kills in the entire game.
 E = Experience gained in this place as a percentage of experience gained in the entire game.
 F = Experience gained in this place divided by the number of levels of this place that you have seen.
                   A       B       C       D       E      F
               +-------+-------+-------+-------+-------+----------------------
         Total | 100.0 | 100.0 |   N/A |   N/A | 100.0 | 332.5
       Dungeon | 100.0 | 100.0 |   N/A |   N/A | 100.0 | 399.0
               +-------+-------+-------+-------+-------+----------------------

Table legend: (Time is in decaauts)
 A = Elapsed time spent in this place.
 B = Non-inter-level travel time spent in this place.
 C = Inter-level travel time spent in this place.
 D = Time resting spent in this place.
 E = Time spent auto-exploring this place.
 F = Levels seen in this place.
 G = Mean time per level.
                   A        B        C        D        E       F      G
               +--------+--------+--------+--------+--------+-----+--------+
         Total |   5295 |   5109 |    186 |    685 |   3217 |   6 |  882.5 |
       Dungeon |   5230 |   5044 |    186 |    685 |   3217 |   5 | 1046.0 |
        Temple |     64 |     64 |      0 |      0 |      0 |   1 |   64.0 |
               +--------+--------+--------+--------+--------+-----+--------+

Top non-repeatable levels by time:
     D:4: 1895 daAuts
     D:2: 1175 daAuts
     D:1: 1117 daAuts
     D:5: 863 daAuts
     D:3: 178 daAuts
  Temple: 64 daAuts
